Map: Ley Lines

Players

ByuN

  • Race: Terran Terran
  • Spawn Location: 1:00

HeroMarine - Winner!

  • Race: Terran Terran
  • Spawn Location: 7:00

VOD

Have the link to the VOD?

Description

TvT standard tournament build.

Time

  • Played on: March 12, 2025, 12:12 p.m.
  • Length: 7:36
Show
View Real Time Build Order
Export as new Build Order

ByuN Terran 

Build Orders: Gas First Reaper Expand, Hellion Opening 

Get SALT Encoding   

  12  0:00  SCV  
  13  0:12  SCV  
  14  0:17  Supply Depot  
  14  0:24  SCV  
  14  0:27  Refinery  
  15  0:38  SCV  
  16  0:44  Barracks  
  16  0:50  SCV  
  17  1:04  SCV  
  18  1:16  SCV  
  19  1:31  Reaper, Orbital Command  
  20  1:42  Command Center  
  20  1:52  Factory  
  20  1:56  SCV  
  21  2:02  Refinery  
  21  2:04  Barracks Reactor  
  21  2:09  SCV  
  21  2:13  Supply Depot  
  22  2:21  SCV  
  23  2:34  SCV  
  24  2:37  Starport  
  24  2:45  Hellion  
  24  2:46  Hellion, SCV  
  24  2:49  Barracks Tech Lab  
  29  2:53  Orbital Command  
  29  2:58  SCV  
  30  3:10  Hellion x2  
  30  3:11  SCV  
  35  3:18  Refinery  
  35  3:21  SCV  
  35  3:23  SCV  
  35  3:24  Raven  
  39  3:32  Supply Depot  
  39  3:34  SCV  
  40  3:35  SCV  
  40  3:40  Hellion x2  
  45  3:41  Barracks Tech Lab  
  45  3:46  SCV  
  46  3:52  Supply Depot  
  46  3:53  SCV  
  47  3:58  Raven, Supply Depot  
  47  4:01  SCV  
  50  4:05  SCV  
  51  4:11  Cyclone  
  51  4:13  Marine x2  
  51  4:15  SCV  
  57  4:18  SCV  
  56  4:27  SCV  
  56  4:30  SCV  
  56  4:31  Marine x2  
  46  4:40  Raven, SCV  
  46  4:42  SCV  
  50  4:45  Siege Tank  
  50  4:49  Marine x2  
  50  4:52  SCV  
  56  4:54  SCV  
  56  4:56  Supply Depot  
  57  5:00  Interference Matrix  
  57  5:05  SCV  
  57  5:06  Marine x2, SCV  
  61  5:15  Command Center  
  61  5:16  Raven  
  61  5:20  SCV x2  
  65  5:24  Supply Depot  
  65  5:30  Refinery  
  65  5:31  Siege Tank  
  65  5:32  SCV x2  
  70  5:42  Marine x2  
  71  5:44  Barracks  
  71  5:45  SCV x2  
  71  5:46  Barracks  
  71  5:49  Supply Depot  
  74  5:57  SCV x2  
  76  6:09  Marine, Viking x2, SCV x2  
  76  6:10  Siege Tank  
  84  6:21  Engineering Bay  
  84  6:22  Engineering Bay  
  84  6:23  SCV x2  
  82  6:27  Orbital Command  
  82  6:32  Marine  
  82  6:33  Barracks Reactor x2  
  82  6:36  Barracks  
  82  6:38  Barracks  
  83  6:42  Viking x2  
  87  6:47  SCV x2  
  87  6:50  Marine, Supply Depot  
  90  7:03  SCV  
  90  7:04  SCV  
  90  7:08  Marine  
  92  7:12  Marine  
  92  7:13  Marine x3, Supply Depot  
  99  7:20  SCV x2  
Show
View Real Time Build Order
Export as new Build Order

HeroMarine Terran - Winner!

Build Orders: Gas First Reaper Expand, Hellion Opening 

Get SALT Encoding   

  12  0:00  SCV  
  13  0:12  SCV  
  14  0:16  Supply Depot  
  14  0:24  SCV  
  14  0:28  Refinery  
  15  0:38  SCV  
  16  0:43  Barracks  
  16  0:50  SCV  
  17  1:02  SCV  
  18  1:14  SCV  
  19  1:30  Reaper, Orbital Command  
  20  1:42  Command Center  
  20  1:51  Factory  
  20  1:55  SCV  
  20  2:01  Refinery  
  21  2:05  Barracks Reactor  
  21  2:08  SCV  
  22  2:14  Supply Depot  
  22  2:20  SCV  
  23  2:35  SCV, Starport  
  24  2:45  Hellion x2  
  24  2:48  SCV  
  29  2:53  Orbital Command  
  29  2:57  Barracks Tech Lab  
  29  3:00  SCV  
  30  3:06  Hellion  
  30  3:09  Hellion  
  30  3:12  SCV  
  35  3:16  Supply Depot  
  35  3:22  Raven  
  35  3:23  SCV  
  35  3:25  SCV  
  39  3:31  Hellion  
  43  3:34  Hellion  
  43  3:37  Refinery, SCV  
  43  3:40  SCV  
  45  3:42  Interference Matrix  
  45  3:49  SCV  
  45  3:52  Supply Depot  
  45  3:53  SCV  
  47  3:59  Marine x2, Raven  
  51  4:03  SCV, Factory Tech Lab  
  51  4:05  SCV  
  53  4:14  Supply Depot  
  53  4:15  SCV  
  54  4:17  Marine x2  
  54  4:22  Cyclone  
  59  4:25  SCV  
  59  4:27  SCV  
  59  4:35  Marine x2  
  59  4:37  SCV  
  54  4:39  SCV  
  54  4:43  Raven  
  52  4:49  SCV  
  52  4:51  SCV  
  54  4:52  Marine  
  54  4:53  Marine  
  54  4:54  Siege Tank  
  59  5:01  SCV  
  59  5:03  SCV, Command Center  
  61  5:08  Supply Depot  
  61  5:14  SCV  
  64  5:19  SCV  
  63  5:23  Viking x2  
  63  5:24  Marine  
  63  5:26  SCV  
  69  5:29  Refinery  
  69  5:30  Siege Tank, Supply Depot  
  69  5:31  SCV  
  69  5:35  Stimpack  
  73  5:38  SCV  
  73  5:42  Marine  
  75  5:44  SCV  
  76  5:52  SCV  
  76  5:53  Viking x2  
  76  5:56  SCV  
  76  5:57  Barracks x2  
  80  6:04  SCV  
  80  6:08  SCV  
  82  6:12  Siege Tank  
  82  6:15  SCV  
  82  6:16  SCV  
  87  6:22  SCV  
  88  6:26  Viking  
  88  6:27  Viking  
  88  6:30  SCV  
  94  6:33  Engineering Bay  
  94  6:34  Engineering Bay  
  94  6:35  SCV  
  94  6:42  Marine, SCV  
  94  6:43  Supply Depot  
  94  6:46  Siege Tank  
  100  6:47  SCV  
  101  6:54  SCV  
  101  6:57  Orbital Command  
  101  6:59  Barracks Reactor  
  101  7:00  Barracks Reactor  
  101  7:04  SCV  
  101  7:05  Barracks  
  101  7:06  Barracks  
  102  7:10  SCV  
  102  7:11  Supply Depot  
  102  7:12  Supply Depot  
  103  7:18  SCV  
  101  7:24  SCV  
Tags
 
Add a new tag
Caveats
  • Supply blocks, unpowered buildings, or Contaminate may cause inaccurate times.
  • Supply counts are checked every 10 seconds.